 Dungeon Sprint DCSS version 0.14-a0-1637-gd423c14 (console) character file.

9121 Illaniel the Eclecticist (level 10, -6/63 HPs)
             Began as a Deep Elf Fire Elementalist on Dec 26, 2013.
             Was the Champion of Vehumet.
             Mangled by an unseen horror (7 damage)
             ... in the Dungeon (Sprint III: "The Ten Rune Challenge").
             The game lasted 00:30:25 (3363 turns).

Illaniel the Eclecticist (DEFE)                     Turns: 3363, Time: 00:30:25

HP  -6/63        AC  3     Str  5      XL: 10   Next: 49%
MP   2/35        EV 19     Int 24      God: Vehumet [******]
Gold 3364        SH  0     Dex 15      Spells:  8 memorised, 14 levels left

rFire  . . .     SeeInvis .     k - +2,+3 quarterstaff (chaos)
rCold  . . .     Clarity  .     a - +0 elf robe
rNeg   . . .     Conserve .     (no shield)
rPois  .         rCorr    .     (no helmet)
rElec  .         rRot     .     t - +0 dwarf cloak
SustAb . .       Spirit   .     (no gloves)
rMut   .         Warding  .     (no boots)
Saprov . . .     NoTele   +     (no amulet)
                                (no ring)
                                (no ring)

@: somewhat resistant to hostile enchantments, stealthy
A: no striking features
a: Renounce Religion


You were in the Dungeon.
You worshipped Vehumet.
Vehumet was exalted by your worship.
You were hungry.

You visited 1 branch You collected 3364 gold pieces.

Inventory:

Hand weapons
 g - a +2,+1 elven long sword of electrocution
 k - a +2,+3 quarterstaff of chaos (weapon)
 u - a +2,+0 elven long sword of holy wrath
Armour
 a - a +0 elven robe (worn)
 j - a +1 cloak
 t - a +0 dwarven cloak (worn)
Magical devices
 h - a wand of magic darts (0)
Comestibles
 c - 2 bread rations
 v - a royal jelly
Scrolls
 m - 2 scrolls of holy word
 q - a scroll of fog {unknown}
Potions
 d - 3 potions of curing
 e - 2 potions of heal wounds
 f - a potion of speed
 l - 3 potions of decay
 p - a potion of restore abilities
 r - a potion of degeneration
Books
 b - a book of Flames

   Spells                             Type                      Level
   *Flame Tongue                      Conjuration/Fire             1
   *Throw Flame                       Conjuration/Fire             2
   *Conjure Flame                     Conjuration/Fire             3
   *Inner Flame                       Hexes/Fire                   3
   *Sticky Flame                      Conjuration/Fire             4
   *Fireball                          Conjuration/Fire             5
 s - a book of Unlife

   Spells                             Type                      Level
   Recall                             Summoning/Translocation      3
   Animate Dead                       Necromancy                   4
   Control Undead                     Necromancy                   4
   Twisted Resurrection               Necromancy                   5
   Death Channel                      Necromancy                   6
   Simulacrum                         Ice/Necromancy               6


   Skills:
 + Level 7.2 Fighting
 + Level 10.9 Dodging
 - Level 3.2 Stealth
 * Level 15.9 Spellcasting
 * Level 13.6 Conjurations
 * Level 13.9 Fire Magic


You had 14 spell levels left.
You knew the following spells:

 Your Spells              Type           Power        Failure   Level  Hunger
a - Flame Tongue          Conj/Fire      #####        0%          1    None
b - Throw Flame           Conj/Fire      ######       0%          2    None
c - Mephitic Cloud        Conj/Pois/Air  #####...     1%          3    None
d - Fireball              Conj/Fire      ######....   1%          5    None
j - Sticky Flame          Conj/Fire      ######..     1%          4    None
k - Inner Flame           Hex/Fire       ######..     1%          3    None
F - Conjure Flame         Conj/Fire      ######..     1%          3    None
P - Ignite Poison         Fire/Trmt      ######....   1%          5    None


Dungeon Overview and Level Annotations

Branches:
Dungeon (1/1)

Altars:
Cheibriados
Elyvilon
Fedhas
Kikubaaqudgha
Makhleb
Nemelex Xobeh
Okawaru
Sif Muna
Trog
Vehumet
Xom
Yredelemnul
Zin
the Shining One
Jiyva

Shops:
D /

Annotations:
D Edmund, Satan Claus


Message History

You hear some strange, mumbled words.
The bolt of fire hits you!
Casting: Fireball
Confirm with . or Enter, or press ? or * to list all spells.
Aiming: Sticky Flame
Press: ? - help, Shift-Dir - straight line, p - Edmund It hits you.
It barely misses you. It closely misses you. It hits you!
* * * LOW HITPOINT WARNING * * *
It hits you.
* * * LOW HITPOINT WARNING * * *
You open the door. It hits you.
* * * LOW HITPOINT WARNING * * *
It hits you.
* * * LOW HITPOINT WARNING * * *
There is an open door here.
It hits you!
You die...

▓▓▓▓▓ ▓▓▓
▒▒▒▒∙▒∙▒▒▒∙▒▒▒▒▒▒▒▒▒▒
▒▄▄▒∙▒∩∙▒∙∙▒)∙'∙▒∙∙∙▒
▒∙▄▒∙∙∙∙∙∙∙)∙)▒∙▒∙∙∙▒▒≈≈
▒'▒▒))))∙∙∙∙▒▒▒∙▒∙∙∙≈≈≈∙
∙∙∙▒))))∙∙∙∙∙∙▒∙▒∙∙∙▒▒≈≈
∙∙∙▒[)▒∙▒▒∙▒∙∙▒∙'∙∙∙▒
▒▒■▒∙▒▒▒∙▒▒▒▒∙▒▒▒▒▒▒▒
∙∙∙▒#▒▒▒▒▒▒▒▒▒▒▒▒▒▒▒▒▒▒▒▒▒
∙∙∙▒∙(#≈#■∙▒∙■∙∙∙'∙▒∙▒∙▒∙■
∙∙∙▒#▒##≈▒∙▒∙▒∙∙@▒▒∙▒∙▒)▒▒
∙∙∙■∙▒∙)∙▒∙▒∙▒∙∙∙▒∙▒∙▒∙▒∙▒
∙∙∙▒∙▒#∙∙▒∙∙∙▒∙∙∙▒▒∙▒∙▒∙▒▒
▓▓▓▓▓▓▓▓▓▓▓▓▓▓▓▓▓▒∙▒∙▒∙▒∙▒
▒▒∙▒∙▒∙▒ ■∙▒∙▒∙▒∙▒
▒▒∙▒∙▒∙▒▒ ▒'▒▒▒▒▒ @∙∙
▒∙∙∙▒ ▒∙∙∙▒


There were no monsters in sight!

Vanquished Creatures
  Josephine (D)
  An orc high priest (D)
  A centaur warrior (D)
  A deep elf knight (D)
  A deep elf conjurer (D)
  An orc sorcerer (D)
  2 deep elf summoners (D)
  2 deep elf priests (D)
  A spatial vortex (D)
  A necrophage (D)
  A demigod (D)
  5 orc warriors (D)
  2 centaurs (D)
  A water elemental (D)
  Crazy Yiuf (D)
  A jelly (D)
  3 orc wizards (D)
  A necromancer (D)
  A wizard (D)
  3 humans (D)
  A kobold demonologist (D)
  2 giant mites (D)
  2 grey rats (D)
  8 orcs (D)
44 creatures vanquished.

Vanquished Creatures (others)
  2 draconian scorchers (D)
  A yaktaur (D)
  An electric eel (D)
  A plant (D)
5 creatures vanquished.

Grand Total: 49 creatures vanquished

Notes
Turn   | Place    | Note
--------------------------------------------------------------
     0 | D        | Illaniel, the Deep Elf Fire Elementalist, began the quest for the Orb.
     0 | D        | Reached XP level 1. HP: 10/10 MP: 5/5
   143 | D        | Killed a yaktaur
   235 | D        | Reached skill level 4 in Spellcasting
   235 | D        | Reached XP level 2. HP: 10/15 MP: 4/9
   239 | D        | Learned a level 2 spell: Throw Flame
   334 | D        | Killed a white draconian scorcher
   423 | D        | Reached skill level 1 in Fighting
   423 | D        | Reached skill level 5 in Spellcasting
   423 | D        | Reached XP level 3. HP: 12/20 MP: 3/14
   432 | D        | Learned a level 3 spell: Conjure Flame
   500 | D        | Noticed Crazy Yiuf
   507 | D        | HP: 1/20 [Crazy Yiuf/wand of magic darts (7)]
   838 | D        | Killed Crazy Yiuf
   838 | D        | Reached skill level 5 in Fire Magic
   838 | D        | Reached XP level 4. HP: 10/25 MP: 0/18
   844 | D        | Learned a level 4 spell: Sticky Flame
   848 | D        | Learned a level 3 spell: Inner Flame
   952 | D        | Killed a white draconian scorcher
  1022 | D        | Noticed a water elemental
  1026 | D        | Killed a water elemental
  1026 | D        | Reached skill level 6 in Spellcasting
  1026 | D        | Reached skill level 5 in Conjurations
  1082 | D        | Found a radiant altar of Vehumet.
  1082 | D        | Found a deep blue altar of Sif Muna.
  1082 | D        | Found an ancient bone altar of Kikubaaqudgha.
  1082 | D        | Noticed a wizard
  1088 | D        | Killed a wizard
  1088 | D        | Reached skill level 7 in Spellcasting
  1088 | D        | Reached XP level 5. HP: 29/31 MP: 8/21
  1113 | D        | Reached skill level 5 in Dodging
  1121 | D        | Became a worshipper of Vehumet
  1128 | D        | Learned a level 5 spell: Fireball
  1207 | D        | Found an iron altar of Okawaru.
  1207 | D        | Found a bloodstained altar of Trog.
  1207 | D        | Noticed a human
  1207 | D        | Noticed a human
  1213 | D        | Killed a human
  1213 | D        | Reached skill level 9 in Spellcasting
  1213 | D        | Reached XP level 6. HP: 27/37 MP: 5/25
  1223 | D        | Killed a human
  1350 | D        | Found a glowing silver altar of Zin.
  1350 | D        | Found a glowing golden altar of the Shining One.
  1350 | D        | Found a white marble altar of Elyvilon.
  1350 | D        | Noticed a deep elf priest
  1354 | D        | Killed a deep elf priest
  1354 | D        | Acquired Vehumet's first power
  1354 | D        | Offered knowledge of Shock by Vehumet.
  1354 | D        | Reached skill level 10 in Spellcasting
  1354 | D        | Reached XP level 7. HP: 42/44 MP: 19/28
  1395 | D        | Found a basalt altar of Yredelemnul.
  1395 | D        | Found a snail-covered altar of Cheibriados.
  1395 | D        | Found a blossoming altar of Fedhas.
  1395 | D        | Noticed a necrophage
  1395 | D        | Noticed a necromancer
  1406 | D        | Killed a necromancer
  1407 | D        | Killed a necrophage
  1407 | D        | Reached skill level 11 in Spellcasting
  1453 | D        | Noticed a jelly
  1454 | D        | Noticed a demigod
  1485 | D        | Killed a demigod
  1485 | D        | Reached skill level 10 in Fire Magic
  1534 | D        | Killed a jelly
  1534 | D        | Offered knowledge of Sandblast by Vehumet.
  1565 | D        | Found a burning altar of Makhleb.
  1565 | D        | Found a viscous altar of Jiyva.
  1565 | D        | Found a shimmering altar of Xom.
  1565 | D        | Found a sparkling altar of Nemelex Xobeh.
  1565 | D        | Noticed a spatial vortex
  1578 | D        | Killed a spatial vortex
  1578 | D        | Reached XP level 8. HP: 48/48 MP: 8/30
  1706 | D        | Noticed Josephine
  1772 | D        | Killed Josephine
  1772 | D        | Reached skill level 5 in Fighting
  1772 | D        | Reached skill level 12 in Spellcasting
  1772 | D        | Reached skill level 10 in Conjurations
  1927 | D        | Noticed an orc warrior
  1928 | D        | Found Seidweell's Magical Wand Emporium.
  1928 | D        | Noticed an orc warrior
  1930 | D        | Noticed an orc wizard
  1932 | D        | Noticed an orc wizard
  1936 | D        | Noticed an orc wizard
  1936 | D        | Noticed an orc warrior
  1936 | D        | Killed an orc warrior
  1936 | D        | Killed an orc warrior
  1936 | D        | Killed an orc wizard
  1936 | D        | Offered knowledge of Mephitic Cloud by Vehumet.
  1936 | D        | Acquired Vehumet's second power
  1936 | D        | Reached skill level 13 in Spellcasting
  1936 | D        | Killed an orc warrior
  1936 | D        | Reached XP level 9. HP: 53/55 MP: 20/32
  1938 | D        | Noticed an orc warrior
  1941 | D        | Learned a level 3 spell: Mephitic Cloud
  1941 | D        | Killed an orc wizard
  1941 | D        | Offered knowledge of Airstrike by Vehumet.
  1941 | D        | Killed an orc warrior
  1941 | D        | Acquired Vehumet's third power
  1943 | D        | Noticed an orc sorcerer
  1947 | D        | Noticed an orc high priest
  1949 | D        | Killed an orc high priest
  1949 | D        | Reached skill level 14 in Spellcasting
  1960 | D        | Noticed an orc warrior
  1960 | D        | Killed an orc warrior
  1961 | D        | Killed an orc sorcerer
  1965 | D        | Killed an orc wizard
  2026 | D        | Noticed a deep elf summoner
  2026 | D        | Noticed a deep elf knight
  2026 | D        | Noticed a deep elf conjurer
  2026 | D        | Noticed a deep elf summoner
  2026 | D        | Noticed a deep elf priest
  2039 | D        | Killed a deep elf priest
  2039 | D        | Reached skill level 10 in Dodging
  2147 | D        | Killed a deep elf conjurer
  2147 | D        | Offered knowledge of Lightning Bolt by Vehumet.
  2147 | D        | Reached XP level 10. HP: 61/61 MP: 8/34
  2148 | D        | Killed a deep elf summoner
  2148 | D        | Reached skill level 15 in Spellcasting
  2174 | D        | Killed a deep elf knight
  2179 | D        | Killed a deep elf summoner
  2258 | D        | Killed an electric eel
  2277 | D        | Noticed a stone golem
  2415 | D        | Noticed a centaur
  2445 | D        | HP: 3/63 [stone golem (18)]
  2781 | D        | Noticed a centaur warrior
  2791 | D        | Killed a centaur warrior
  2791 | D        | Offered knowledge of Ignite Poison by Vehumet.
  2798 | D        | Learned a level 5 spell: Ignite Poison
  2809 | D        | Noticed a centaur
  2819 | D        | Killed a centaur
  3258 | D        | Killed a centaur
  3341 | D        | Noticed Satan Claus
  3341 | D        | Noticed Edmund
  3362 | D        | HP: 1/63 [something (6)]
  3363 | D        | Mangled by an unseen horror

Action                   |  1- 3 |  4- 6 |  7- 9 | 10-12 || total
-------------------------+-------+-------+-------+-------++-------
Melee: Unarmed           |    11 |       |       |       ||    11
       Quarterstaff      |       |       |       |    12 ||    12
 Cast: Flame Tongue      |     5 |       |       |       ||     5
       Throw Flame       |    12 |    10 |    12 |    16 ||    50
       Conjure Flame     |     4 |    10 |    16 |     8 ||    38
       Fireball          |       |     1 |    16 |     7 ||    24
       Sticky Flame      |       |       |     3 |     8 ||    11
       Inner Flame       |       |       |     3 |       ||     3
       Mephitic Cloud    |       |       |     2 |    10 ||    12
Evoke: Wand              |       |       |       |     8 ||     8
  Use: Potion            |     1 |       |     1 |     1 ||     3
       Scroll            |       |     4 |       |     1 ||     5
 Stab: Distracted        |       |       |       |     1 ||     1
